 Dungeon Crawl Stone Soup version 0.13.1-17-g0f9d4ff (webtiles) character file.

528 Chiseanne the Charlatan (level 6, -6/49 HPs)
             Began as a Centaur Artificer on Dec 18, 2013.
             Was a Follower of Nemelex Xobeh.
             Succumbed to a scorpion's poison
             ... on Level 4 of the Dungeon.
             The game lasted 00:15:53 (4715 turns).

Chiseanne the Charlatan (Centaur Artificer)         Turns: 4715, Time: 00:15:53

HP  -6/49        AC 10     Str 14      XL: 6   Next: 36%
MP   9/9         EV  8     Int 10      God: Nemelex Xobeh [*.....]
Gold 172         SH  0     Dex 12      Spells:  0 memorised,  5 levels left

Res.Fire  : + . .   See Invis. : +   j - +0,+1 dwarf hand axe
Res.Cold  : . . .   Warding    : .   a - +2 ring mail {rF+}
Life Prot.: . . .   Conserve   : .   (no shield)
Res.Poison: .       Res.Corr.  : .   l - +2 wizard hat
Res.Elec. : .       Clarity    : .   (no cloak)
Sust.Abil.: . .     Spirit.Shd : .   (no gloves)
Res.Mut.  : +       Stasis     : .   (no barding)
Res.Rott. : .       Flight     : .   q - amulet of resist mutation
Saprovore : . . .                    (no ring)
                                     i - ring of see invisible

@: sage [Necromancy, Translocations, Unarmed Combat], extremely poisoned, very
quick, slightly resistant to hostile enchantments, extremely unstealthy
A: hooves 3, deformed body, herbivore 1, speed 2, fast metabolism 1, tough skin
3
a: Draw One, Renounce Religion


You were on level 4 of the Dungeon.
You worshipped Nemelex Xobeh.
Nemelex Xobeh was aware of your devotion.
You were not hungry.

You visited 2 branches of the dungeon, and saw 5 of its levels.

You collected 152 gold pieces.

Inventory:

Hand weapons
 j - a +0,+1 dwarven hand axe (weapon)
Missiles
 r - 2 darts (quivered)
Armour
 a - a +2 ring mail of fire resistance (worn)
 l - a +2 wizard hat (worn)
Magical devices
 b - a wand of flame (12)
 c - a wand of enslavement (3)
 d - a wand of random effects (2)
 x - a wand of confusion (5)
Scrolls
 g - a scroll of teleportation
 m - a scroll of identify
Jewellery
 i - a ring of see invisible (left hand)
 q - an amulet of resist mutation (around neck)
Potions
 e - a potion of poison {unknown}
 h - 2 potions of speed {unknown}
 o - a potion of curing {unknown}
 p - 2 potions of slowing {unknown}
 t - a potion of brilliance {unknown}
 u - a potion of confusion {unknown}
Miscellaneous
 f - a legendary deck of destruction {god gift}


   Skills:
 * Level 2.1 Fighting
   Level 0.8 Short Blades
 * Level 2.5 Armour
 * Level 3.2 Dodging
 - Level 0.5 Stealth
 * Level 4.0 Evocations


You had 5 spell levels left.
You didn't know any spells.

Dungeon Overview and Level Annotations

Branches:
Dungeon (4/27)             Temple (1/1) D:4

Altars:
Ashenzari
Cheibriados
Elyvilon
Fedhas
Kikubaaqudgha
Makhleb
Nemelex Xobeh
Okawaru
Sif Muna
Trog
Vehumet
Yredelemnul
Zin

Annotations:
D:3 Kae's ghost, average DrIE


Innate Abilities, Weirdness & Mutations

You have hooves in place of feet.
Armour fits poorly on your strangely shaped body.
You digest meat inefficiently.
You cover ground very quickly.
You have a fast metabolism.
You have extremely tough skin (AC +3).


Message History

You are more poisoned.
The scorpion poisons you!
Evoke which item? (* to show all) (? for menu, Esc to quit)
Zapping:
d - a wand of random effects (3)
Press: ? - help, Shift-Dir - straight line, f - scorpion
Aim: a scorpion (heavily wounded)
The scorpion seems to slow down.
This wand has 2 charges left.
* * * LOW HITPOINT WARNING * * *
You feel very sick. The scorpion stings you.
* * * LOW HITPOINT WARNING * * *
Evoke which item? (* to show all) (? for menu, Esc to quit)
Zapping:
b - a wand of flame (13)
Press: ? - help, Shift-Dir - straight line, f/p - scorpion
Aim: a scorpion (heavily wounded, moving slowly)
The puff of flame hits the scorpion.
The scorpion is severely wounded.
This wand has 12 charges left.
You die...
Your body disappears without a glow.

...........# #...#########.>.#
...........# #...# #...#
##########.######...# #...# #
#..........# #...# #
#.)........# #.... #
#..........#########..## #
#.....................# #
#......s..............# #
#......@..............#
##########.....................#
................############...#
....#######.....# #...# ....#
#.....# #...## ....# #.....#
#..... ....# #.....# #.....
....# #.....###### ###.....
....# #............ .........


You could see a scorpion.

Vanquished Creatures
  A raven (D:3)
  An ogre (D:4)
  An orc wizard (D:4)
  A worker ant (D:4)
  2 adders
  A giant mite (D:1)
  An adder skeleton (D:4)
  4 giant geckos
  An ooze (D:1)
  11 orcs
  4 bats
  9 goblins
  5 hobgoblins
  A jackal (D:3)
  5 kobolds
  A giant gecko zombie (D:4)
  6 giant newts
  11 rats
66 creatures vanquished.

Vanquished Creatures (collateral kills)
  An iguana (D:4)
  An orc wizard (D:4)
  A worker ant (D:4)
  An orc (D:4)
  A giant cockroach (D:3)
  A hobgoblin skeleton (D:4)
6 creatures vanquished.

Grand Total: 72 creatures vanquished

Notes
Turn   | Place    | Note
--------------------------------------------------------------
     0 | D:1      | Chiseanne, the Centaur Artificer, began the quest for the Orb.
     0 | D:1      | Reached XP level 1. HP: 17/17 MP: 1/1
   107 | D:1      | Reached skill level 3 in Evocations
   177 | D:1      | Reached XP level 2. HP: 8/24 MP: 3/3
  1401 | D:2      | Reached XP level 3. HP: 21/29 MP: 4/4
  1500 | D:2      | Found a radiant altar of Vehumet.
  1670 | D:2      | Found a blossoming altar of Fedhas.
  1709 | D:2      | Reached skill level 1 in Armour
  2194 | D:3      | Noticed Purgy
  2238 | D:3      | Noticed Kae's ghost (average DrIE)
  2522 | D:3      | Noticed Purgy
  2522 | D:3      | Purgy changed into Purgy the raven
  2524 | D:3      | Killed Purgy the raven
  2524 | D:3      | Reached XP level 4. HP: 36/36 MP: 5/5
  2524 | D:3      | Reached XP level 5. HP: 42/42 MP: 7/7
  3492 | D:4      | Noticed an ogre
  3567 | D:4      | Reached XP level 6. HP: 49/49 MP: 8/8
  3596 | D:4      | an ogre (ally) was killed
  4214 | D:4      | Reached skill level 4 in Evocations
  4240 | D:4      | Found a staircase to the Ecumenical Temple.
  4246 | Temple   | Entered the Ecumenical Temple
  4347 | Temple   | Became a worshipper of Nemelex Xobeh
  4564 | D:4      | Received a gift from Nemelex Xobeh
  4586 | D:4      | Acquired Nemelex Xobeh's first power
  4678 | D:4      | Received a gift from Nemelex Xobeh
  4715 | D:4      | Succumbed to a scorpion's poison

Action                   |  1- 3 |  4- 6 || total
-------------------------+-------+-------++-------
Melee: Mace              |     7 |       ||     7
       Short sword       |     7 |       ||     7
       Hand axe          |   108 |    85 ||   193
       Dagger            |    13 |    47 ||    60
Evoke: Wand              |    10 |    21 ||    31
       Deck              |       |     8 ||     8
  Use: Scroll            |     6 |     2 ||     8
